 Dungeon Crawl Stone Soup version 0.29-a0-541-gaf1fc19f1b (webtiles) character file.

Game seed: 8841093598201672776

84 vulpzor the Grave Robber (level 4, 0/27 HPs)
             Began as a Vampire Necromancer on June 3, 2022.
             Slain by an orc priest
             ... wielding a +0 morningstar
              (9 damage)
             ... on level 3 of the Dungeon.
             The game lasted 00:15:26 (1856 turns).

vulpzor the Grave Robber (Vampire Necromancer)      Turns: 1856, Time: 00:15:27

Health: 0/27       AC:  2    Str:  5 (7)  XL:     4   Next: 23%
Magic:  7/7        EV: 13    Int: 15 (17) God:
Gold:   60         SH:  0    Dex: 22      Spells: 3/7 levels left

rFire   + . .      SeeInvis +   p - +9 club
rCold   x . .      Faith    +   (no shield)
rNeg    . . .      Spirit   .   a - +0 robe
rPois   .          Reflect  .   (no helmet)
rElec   .          Harm     .   (no cloak)
rCorr   .          Rampage  .   (no gloves)
Will    .....                   (no boots)
Stlth   +++.......              i - amulet of faith
HPRegen 0.29/turn               k - ring of fire
MPRegen 0.10/turn               r - +6 ring of dexterity

@: healing quickly
A: alive, fangs 3, see invisible, vampiric 2, [frail 1]
a: Exsanguinate


You were on level 3 of the Dungeon.
You visited 1 branch of the dungeon, and saw 3 of its levels.

You collected 60 gold pieces.

Inventory:

Hand Weapons
 e - a +2 vampiric dagger
 p - a +9 club (weapon)
Missiles
 d - 9 poisoned darts
Armour
 a - a +0 robe (worn)
 g - a +0 leather armour
 n - a +0 scale mail
 o - a +0 robe
Jewellery
 i - an amulet of faith (around neck)
 k - a ring of fire (left hand)
 r - a +6 ring of dexterity (right hand)
Scrolls
 m - 2 scrolls of teleportation
 q - a scroll of vulnerability {unknown}
Potions
 b - a potion of magic
 c - a potion of brilliance {unknown}
 f - a potion of might {unknown}
 h - a potion of berserk rage {unknown}
 j - a potion of flight {unknown}
 l - a potion of cancellation {unknown}


   Skills:
 + Level 0.5 Fighting
 + Level 1.3 Short Blades
 + Level 0.5 Armour
 + Level 2.6 Dodging
 + Level 3.7 Stealth
 + Level 2.3 Spellcasting
 + Level 5.1 Necromancy


You had 3 spell levels left.
You knew the following spells:

 Your Spells              Type           Power      Damage    Failure   Level
a - Necrotize             Necr           68%        1d7       2%          1
b - Vampiric Draining     Necr           17%        2d7       8%          3

Your spell library contained the following spells:

 Spells                   Type           Power      Damage    Failure   Level
 Apportation              Tloc           2%         N/A       22%         1
 Summon Small Mammal      Summ           4%         N/A       22%         1
 Blink                    Tloc           2%         N/A       32%         2
 Lesser Beckoning         Tloc           1%         N/A       54%         3
 Animate Dead             Necr           17%        N/A       26%         4
 Dispel Undead            Necr           17%        3d10      26%         4
 Agony                    Necr           17%        N/A       58%         5
 Corpse Rot               Necr/Pois/Air  6%         N/A       71%         4
 Manifold Assault         Tloc           1%         N/A       99%         5
 Death Channel            Necr           8%         N/A       99%         6


Dungeon Overview and Level Annotations

Branches:
Dungeon (3/15)

Altars:
The Shining One

Shops:
D:3 (


Innate Abilities, Weirdness & Mutations

Your natural rate of healing is accelerated.
You have razor-sharp teeth.
You have supernaturally acute eyesight. (SInv)
You are afflicted with vampirism and can become a bat while bloodless.
[You are frail. (-10% HP)]


Message History

You see here a +0 robe.
You see here a frilled lizard skeleton.
You see here a +0 falchion.
There is a stone staircase leading down here.
At your current blood state you heal quickly.
Your movement speed is average.
Your attack delay is about 1.3.
Your base attributes are Str 7, Int 17, Dex 16.
Okay, then.
Okay, then.
Okay, then.
You climb downwards.
The orc wizard shouts!
The orc shouts!
You hear a shout! x3
Found a leather armour, 19 gold pieces, a human corpse and 26 stones.
Found Dicw's Weapon Shop.
There is a stone staircase leading up here.
Found a spear.
The orc shouts!
An orc priest comes into view. It is wielding a +0 morningstar.
You see here a +0 leather armour.
An orc comes into view. It is wielding a +0 short sword.
The orc shouts!
The orc hits you with a +1 dagger of holy wrath.
You convulse.
You hit the orc but do no damage. You bite the orc, but do no damage.
The orc hits you with a +1 dagger of holy wrath.
You convulse.
An orc comes into view. It is wielding a +0 flail.
You closely miss the orc. You thump the orc wizard!
The orc wizard is almost dead.
An orc comes into view. It is wielding a +0 hand axe.
You closely miss the orc wizard.
The orc wizard is almost dead.
The orc wizard points at you and mumbles some strange words.
The magic dart hits you.
The orc hits you with a +1 dagger of holy wrath.
You convulse.
The orc barely misses you. x2
The orc wizard hits you with a +0 dagger.
The orc priest hits you with a +0 morningstar!
You die...

.# . .###
... ..###
####....#
#<[....$#
##@o.####
#ooo..#
....o.(.#
#....∩......
#..)....o...
###.....#...
##...##.o.
#.... ..


You could see an orc priest, an orc wizard and 5 orcs.

Vanquished Creatures
  Jessica (D:2)
  2 adders (D:2)
  3 endoplasms (D:2)
  A giant cockroach (D:1)
  7 goblins
  4 hobgoblins
  3 kobolds (D:1)
  A quokka (D:1)
  2 ball pythons (D:1)
  6 bats
  2 frilled lizards (D:2)
  4 rats
36 creatures vanquished.

Vanquished Creatures (collateral kills)
  A bat (D:1)
  A frilled lizard (D:1)
2 creatures vanquished.

Grand Total: 38 creatures vanquished

Notes
Turn   | Place    | Note
-------+----------+-------------------------------------------
     0 | D:1      | vulpzor the Vampire Necromancer began the quest for the
                  | Orb.
     0 | D:1      | Reached XP level 1. HP: 13/13 MP: 3/3
   199 | D:1      | Reached XP level 2. HP: 11/19 MP: 0/5
   503 | D:1      | Reached skill level 5 in Necromancy
   578 | D:1      | You fall into a shaft and drop 1 floor!
   750 | D:1      | Gained mutation: You are afflicted with vampirism and can
                  | become a bat while bloodless. [Vampire growth]
   750 | D:1      | Reached XP level 3. HP: 24/24 MP: 6/6
  1101 | D:2      | Learned a level 3 spell: Vampiric Draining
  1191 | D:2      | Reached skill level 1 in Short Blades
  1293 | D:2      | Noticed Jessica
  1298 | D:2      | Learned a level 3 spell: Vampiric Draining
  1300 | D:2      | Killed Jessica
  1301 | D:2      | Reached XP level 4. HP: 12/24 MP: 5/7
  1850 | D:3      | Found Dicw's Weapon Shop.
  1856 | D:3      | Slain by an orc priest

Illustrated notes

Levels and vault maps discovered:
D:1:      dpeg_arrival_lava_altar, layout_loops_corners
D:2:      layout_basic, minmay_pentomino_pile, uniq_jessica
D:3:      minmay_bubble_buster, layout_basic, serial_shops, shop,
          nicolae_shop_overgrown_old_shop, nicolae_shop_bloodbath_and_beyond,
          nicolae_shop_behind_doors, shop, dreamdust_mushroom_princess,
          corexii_hall_statues_i

Skill      XL: |  1  2  3 |
---------------+----------+-----
Necromancy     | 5 |  5.1
Short Blades   | 1 |  1.3
Fighting       | |  0.5
Armour         | |  0.5
Dodging        | |  2.6
Stealth        | |  3.7
Spellcasting   | |  2.3

Action                   |  1- 3 |  4- 6 || total
-------------------------+-------+-------++-------
Melee: Dagger            |    78 |       ||    78
       Bite              |     8 |     2 ||    10
       Club              |       |    13 ||    13
 Cast: Necrotize         |     6 |       ||     6
 Abil: End Transformatio |     1 |       ||     1
       Bat Form          |     1 |       ||     1
       Exsanguinate      |     1 |       ||     1
       Revivify          |       |     1 ||     1
  Use: Scroll            |     3 |       ||     3
 Stab: Sleeping          |     4 |     1 ||     5
Armor: Robe              |     9 |     8 ||    17
       Leather armour    |     8 |       ||     8
       Scale mail        |    43 |       ||    43
Dodge: Dodged            |    55 |    21 ||    76

Table legend: (Time is in decaauts)
 A = Elapsed time spent in this place.
 B = Non-inter-level travel time spent in this place.
 C = Inter-level travel time spent in this place.
 D = Time resting spent in this place.
 E = Time spent auto-exploring this place.
 F = Levels seen in this place.
 G = Mean time per level.
                   A        B        C        D        E       F      G
               +--------+--------+--------+--------+--------+-----+--------+
         Total |   1848 |   1848 |      0 |     18 |    758 |   3 |  616.0 |
       Dungeon |   1848 |   1848 |      0 |     18 |    758 |   3 |  616.0 |
               +--------+--------+--------+--------+--------+-----+--------+

Top non-repeatable levels by time:
     D:1: 1008 daAuts
     D:2: 833 daAuts
     D:3: 6 daAuts
